 Dungeon Crawl Stone Soup version 0.30-a0-940-ge5077277c9 (webtiles) character file.

Game seed: 9101593979198496334

719621 LoFi84 the Archmage (level 27, 0/163 HPs)
             Began as a Deep Elf Conjurer on Mar 17, 2023.
             Was the Champion of Vehumet.
             Killed from afar by a Brimstone Fiend (48 damage)
             ... with damnation
             ... on level 22 of a ziggurat on Mar 26, 2023.
             The game lasted 17:02:54 (94373 turns).

LoFi84 the Archmage (Deep Elf Conjurer)            Turns: 94373, Time: 17:02:57

Health: 0/163      AC: 28    Str:  4    XL:     27
Magic:  56/56      EV: 29    Int: 50    God:    Vehumet [******]
Gold:   4976       SH: 34    Dex: 15    Spells: 0/80 levels left

rFire   + . .      SeeInvis +    B - +18 lance "Wyrmbane" {slay drac, rPois rF+ rC+ AC+3}
rCold   + + +      Faith    .    D - +10 tower shield of Ignorance {rN+ Int-4}
rNeg    + + .      Spirit   .    I - +5 steam dragon scales
rPois   +          Reflect  +    O - +0 helmet of Conscience {rC+ rN+}
rElec   +          Rampage  +    v - +5 cloak of the Dolphin {Contam rC+ Int+4 Dex+2}
rCorr   .                        R - +4 pair of gloves of the Pleiades {Rampage rElec}
Will    +++..                    a - +2 pair of boots "Uguboich" {Int+3 SInv}
Stlth   +++++++                  E - amulet of Tufaced {Reflect rC+ Int+3 SH+5}
HPRegen 0.47/turn                M - ring "Joacler" {Will+ Int+6}
MPRegen 0.35/turn                Z - ring of the Hare {EV+10}

@: brilliant, studying 5 skills
A: no striking features
}: 4/15 runes: barnacled, slimy, silver, gossamer
a: Renounce Religion


You were on level 22 of a ziggurat.
You worshipped Vehumet.
Vehumet was exalted by your worship.
You visited 11 branches of the dungeon, and saw 49 of its levels.
You visited 2 bazaars.
You visited 1 ziggurat, and saw 22 of its levels.
You also visited: Trove, Sewer, Bailey, Ice Cave, Volcano, Wizlab and Desolation.

You collected 8702 gold pieces.
You spent 3726 gold pieces at shops.

Inventory:

Hand Weapons
 B - the +18 lance "Wyrmbane" (weapon) {slay drac, rPois rF+ rC+ AC+3}
   (You took it off Maggie on level 8 of the Dungeon)

   AC:        It affects your AC (+3).
   rF:        It protects you from fire.
   rC:        It protects you from cold.
   rPois:     It protects you from poison.
Armour
 a - the +2 pair of boots "Uguboich" (worn) {Int+3 SInv}
   (You acquired it on level 2 of the Lair of Beasts)

   Int:       It affects your intelligence (+3).
   SInv:      It lets you see invisible.
 c - the +0 helmet of Bicu {Will++}
   (You acquired it on level 2 of the Lair of Beasts)

   Will:      It greatly increases your willpower.
 s - the +3 crown of Dyrovepreva {rElec Int+2 SInv}
   (You found it on level 21 of a ziggurat)

   Int:       It affects your intelligence (+2).
   rElec:     It insulates you from electricity.
   SInv:      It lets you see invisible.
 v - the +5 cloak of the Dolphin (worn) {Contam rC+ Int+4 Dex+2}
   (You found it on level 1 of the Shoals)

   Int:       It affects your intelligence (+4).
   Dex:       It affects your dexterity (+2).
   rC:        It protects you from cold.
   Contam:    It causes magical contamination when unequipped.
 D - the +10 tower shield of Ignorance (worn) {rN+ Int-4}
   (You found it on level 14 of a ziggurat)

   Int:       It affects your intelligence (-4).
   rN:        It protects you from negative energy.
 I - +5 steam dragon scales (worn)
 N - the +5 Storm Queen's Shield {shock, Fly rElec}
   (You found it in the Desolation of Salt)

   Shock:     When it blocks an attack, it may electrocute the attacker.
   This works even against foes who are a short distance away.
   rElec:     It insulates you from electricity.
   Fly:       It grants you flight.
 O - the +0 helmet of Conscience (worn) {rC+ rN+}
   (You found it on level 5 of the Vaults)

   rC:        It protects you from cold.
   rN:        It protects you from negative energy.
 R - the +4 pair of gloves of the Pleiades (worn) {Rampage rElec}
   (You bought it in a shop in a bazaar)

   rElec:     It insulates you from electricity.
   Rampage:   It bestows one free step when moving towards enemies.
Magical Staves
 o - the staff of fire "Rayrese" {rF+ Int+2}
   (You found it on level 11 of a ziggurat)

   [staff of fire]

   Base accuracy: +5 Base damage: 5 Base attack delay: 1.2 This weapon's minimum
   attack delay (0.6) is reached at skill level 12.
   Int:       It affects your intelligence (+2).
   rF:        It protects you from fire.
   It falls into the 'Staves' category.
   It is a one-handed weapon.
 u - the staff of conjuration "Giddoate" {rElec rC+ Will+ Dex+6}
   (You found it on level 20 of a ziggurat)

   [staff of conjuration]

   Base accuracy: +5 Base damage: 5 Base attack delay: 1.2 This weapon's minimum
   attack delay (0.6) is reached at skill level 12.
   Dex:       It affects your dexterity (+6).
   rC:        It protects you from cold.
   rElec:     It insulates you from electricity.
   Will:      It increases your willpower.
   It falls into the 'Staves' category.
   It is a one-handed weapon.
 U - the staff of earth "Ecoffom" {rN++ Will+ Str+4}
   (You found it on level 5 of the Pits of Slime)

   [staff of earth]

   Base accuracy: +5 Base damage: 5 Base attack delay: 1.2 This weapon's minimum
   attack delay (0.6) is reached at skill level 12.
   Str:       It affects your strength (+4).
   rN:        It greatly protects you from negative energy.
   Will:      It increases your willpower.
   It falls into the 'Staves' category.
   It is a one-handed weapon.
Jewellery
 h - the ring of Jiewn {rPois rC++ Int+2}
   (You found it on level 19 of a ziggurat)

   [ring of poison resistance]

   Int:       It affects your intelligence (+2).
   rC:        It greatly protects you from cold.
   rPois:     It protects you from poison.
 i - the ring "Bovora" {rN+ Dex+6 SInv}
   (You found it on level 10 of a ziggurat)

   [ring of dexterity]

   Dex:       It affects your dexterity (+6).
   rN:        It protects you from negative energy.
   SInv:      It lets you see invisible.
 l - the ring of Plog {Fly rPois rC+ Will- Int+6}
   (You found it on level 18 of a ziggurat)

   [ring of intelligence]

   Int:       It affects your intelligence (+6).
   rC:        It protects you from cold.
   rPois:     It protects you from poison.
   Fly:       It grants you flight.
   Will:      It decreases your willpower.
 r - the ring "Leogeschi" {*Slow rPois rN+ Int+5 Dex+6}
   (You found it on level 14 of a ziggurat)

   [ring of dexterity]

   Int:       It affects your intelligence (+5).
   Dex:       It affects your dexterity (+6).
   rPois:     It protects you from poison.
   rN:        It protects you from negative energy.
   *Slow:     It may slow you when you take damage.
 w - the dreamshard necklace {*Dream Drain}
   (You found it on level 5 of the Lair of Beasts)

   [amulet of nothing]

   *Dream:    It shatters if its wearer takes lethal or near-lethal damage,
   preventing the blow and releasing protective dreams that heal and fight for
   the wearer.
   Drain:     It drains your maximum health when unequipped.
 C - a ring of magical power
 E - the amulet of Tufaced (around neck) {Reflect rC+ Int+3 SH+5}
   (You found it on level 13 of a ziggurat)

   [amulet of reflection]

   It reflects blocked missile attacks.
   Int:       It affects your intelligence (+3).
   rC:        It protects you from cold.
   SH:        It affects your SH (+5).
 K - a ring of magical power
 M - the ring "Joacler" (left hand) {Will+ Int+6}
   (You found it on level 7 of a ziggurat)

   [ring of intelligence]

   Int:       It affects your intelligence (+6).
   Will:      It increases your willpower.
 X - a ring of magical power
 Z - the ring of the Hare (right hand) {EV+10}
   (You found it on level 21 of a ziggurat)

   [ring of evasion]

   EV:        It affects your evasion (+10).
Scrolls
 d - 10 scrolls of immolation
 f - 22 scrolls of teleportation
 j - 5 scrolls of blinking
 q - 10 scrolls of magic mapping
 t - 15 scrolls of fog
 y - 11 scrolls of poison
 G - 5 scrolls of enchant weapon
 H - 5 scrolls of fear
 J - 4 scrolls of enchant armour
 P - a scroll of brand weapon
 S - 4 scrolls of silence
 Y - a scroll of amnesia
Potions
 b - a potion of magic
 e - 20 potions of curing
 k - 8 potions of cancellation
 m - 9 potions of heal wounds
 n - 6 potions of brilliance
 p - 6 potions of might
 x - 5 potions of resistance
 z - 5 potions of invisibility
 A - 19 potions of mutation
Miscellaneous
 g - the horn of Geryon
 L - a phial of floods
 Q - a lightning rod (4/4)
 T - a condenser vane
 V - a phantom mirror
 W - a box of beasts


   Skills:
 * Level 14.0 Fighting
 - Level 12.0 Polearms
 - Level 2.0 Armour
 - Level 16.1 Dodging
 * Level 19.5 Stealth
 * Level 15.2 Shields
 O Level 27 Spellcasting
 * Level 22.5 Conjurations
 - Level 6.0 Hexes
 - Level 4.0 Translocations
 + Level 23.3 Fire Magic
 - Level 2.0 Air Magic
 + Level 24.8 Earth Magic
 - Level 2.0 Poison Magic
 - Level 12.3 Evocations


You couldn't memorise any spells.
You knew the following spells:

 Your Spells              Type           Power      Damage    Failure   Level
a - Magic Dart            Conj           100%       1d8       0%          1
b - Searing Ray           Conj           100%       2d8       0%          2
c - Dazzling Flash        Conj/Hex       100%       N/A       0%          3
d - Fire Storm            Conj/Fire      82%        8d21      1%          9
e - Foxfire               Conj/Fire      100%       2x1d9     0%          1
f - Scorch                Fire           100%       2d10      0%          2
g - Fireball              Conj/Fire      82%        3d30      0%          5
h - Iskenderun's Mystic   Conj/Tloc      100%       2d19      0%          4
i - Kindle Blastsparks    Fire/Tloc/Air  100%       2d18      1%          3
j - Mephitic Cloud        Conj/Pois/Air  100%       N/A       1%          3
l - Starburst             Conj/Fire      82%        6d21      0%          6
m - Ignition              Fire           83%        3d21      1%          8
n - Swiftness             Air            92%        N/A       1%          3
o - Lehudib's Crystal Sp  Conj/Erth      83%        10d18     1%          8
p - Iron Shot             Conj/Erth      83%        9d15      0%          6
q - Blink                 Tloc           100%       N/A       1%          2
r - Lee's Rapid Deconstr  Erth           84%        3d37*     0%          5
s - Shatter               Erth           84%        3d61*     1%          9

Your spell library contained the following spells:

 Spells                   Type           Power      Damage    Failure   Level
 Chain Lightning          Conj/Air       68%        3d91      63%         9
 Polar Vortex             Ice            39%        N/A       100%        9
 Sandblast                Erth           100%       2d20      0%          1
 Shock                    Conj/Air       100%       1d9       0%          1
 Momentum Strike          Conj/Tloc      100%       3d10      0%          2
 Passwall                 Tmut/Erth      100%       N/A       0%          2
 Hailstorm                Conj/Ice       100%       3d20      0%          3
 Inner Flame              Hex/Fire       100%       N/A       0%          3
 Stone Arrow              Conj/Erth      100%       3d13      0%          3
 Flame Wave               Conj/Fire      100%       2d21      0%          4
 Fulminant Prism          Conj/Hex       71%        3d29      0%          4
 Leda's Liquefaction      Hex/Erth       73%        N/A       0%          4
 Sticky Flame             Conj/Fire      100%       2d11      0%          4
 Iskenderun's Battlesphe  Conj           100%       2d15      0%          5
 Apportation              Tloc           100%       N/A       1%          1
 Beastly Appendage        Tmut           100%       N/A       1%          1
 Freeze                   Ice            100%       1d10      1%          1
 Necrotise                Necr           100%       1d9       1%          1
 Slow                     Hex            100%       N/A       1%          1
 Summon Small Mammal      Summ           100%       N/A       1%          1
 Call Imp                 Summ           79%        N/A       1%          2
 Cigotuvi's Dreadful Rot  Necr/Pois/Air  100%       N/A       1%          2
 Ensorcelled Hibernation  Hex/Ice        100%       N/A       1%          2
 Lesser Beckoning         Tloc           100%       N/A       1%          2
 Poisonous Vapours        Pois/Air       100%       N/A       1%          2
 Sublimation of Blood     Necr           79%        N/A       1%          2
 Wereblood                Tmut           79%        N/A       1%          2
 Call Canine Familiar     Summ           79%        N/A       1%          3
 Confusing Touch          Hex            100%       N/A       1%          3
 Frozen Ramparts          Ice            100%       1d16      1%          3
 Gell's Gravitas          Tloc           100%       N/A       1%          3
 Ignite Poison            Fire/Tmut/Pois 100%       N/A       1%          3
 Ozocubu's Armour         Ice            79%        N/A       1%          3
 Portal Projectile        Hex/Tloc       100%       N/A       1%          3
 Spider Form              Tmut/Pois      86%        N/A       1%          3
 Summon Guardian Golem    Hex/Summ       98%        N/A       1%          3
 Teleport Other           Tloc           100%       N/A       1%          3
 Vampiric Draining        Necr           79%        2d11      1%          3
 Vhi's Electric Charge    Tloc/Air       100%       N/A       1%          3
 Airstrike                Air            46%        2d(7-23)  1%          4
 Anguish                  Hex/Necr       49%        N/A       1%          4
 Animate Armour           Summ/Erth      100%       N/A       1%          4
 Cause Fear               Hex            56%        N/A       1%          4
 Manifold Assault         Tloc           100%       N/A       1%          4
 Petrify                  Tmut/Erth      100%       N/A       1%          4
 Arcjolt                  Conj/Air       68%        1d78      1%          5
 Borgnjor's Vile Clutch   Necr/Erth      68%        N/A       1%          5
 Freezing Cloud           Conj/Ice/Air   61%        6-21      1%          5
 Irradiate                Conj/Tmut      66%        3d33      1%          5
 Plasma Beam              Fire/Air       69%        2x1d93    1%          5
 Yara's Violent Unravell  Hex/Tmut       49%        3d19      1%          5
 Conjure Ball Lightning   Conj/Air       68%        3x3d25    1%          6
 Statue Form              Tmut/Erth      91%        N/A       1%          6
 Orb of Destruction       Conj           82%        9d18      1%          7
 Spellforged Servitor     Conj/Summ      66%        N/A       1%          7
 Summon Lightning Spire   Summ/Air       86%        N/A       3%          4
 Metabolic Englaciation   Hex/Ice        49%        N/A       4%          5
 Summon Mana Viper        Hex/Summ       98%        N/A       4%          5
 Animate Dead             Necr           79%        N/A       5%          4
 Ice Form                 Ice/Tmut       79%        N/A       5%          4
 Summon Ice Beast         Ice/Summ       79%        N/A       5%          4
 Summon Forest            Summ/Tloc      46%        N/A       7%          5
 Alistair's Intoxication  Tmut/Pois      57%        N/A       10%         5
 Agony                    Necr           79%        N/A       16%         5
 Blade Hands              Tmut           39%        N/A       16%         5
 Dispersal                Tloc           51%        N/A       16%         6
 Eringya's Noxious Bog    Tmut/Pois      43%        N/A       16%         6
 Enfeeble                 Hex            56%        N/A       36%         7
 Death Channel            Necr           39%        N/A       63%         6
 Simulacrum               Ice/Necr       39%        N/A       63%         6
 Summon Cactus Giant      Summ           39%        N/A       63%         6
 Ozocubu's Refrigeration  Ice            39%        4d16      71%         7
 Storm Form               Tmut/Air       43%        N/A       97%         7
 Discord                  Hex            56%        N/A       97%         8
 Maxwell's Capacitive Co  Air            46%        ∞         97%         8
 Dragon Form              Tmut           39%        N/A       99%         7
 Haunt                    Necr/Summ      39%        N/A       99%         7
 Monstrous Menagerie      Summ           39%        N/A       99%         7
 Summon Hydra             Summ           39%        N/A       99%         7
 Borgnjor's Revivificati  Necr           39%        N/A       100%        8
 Disjunction              Tloc           51%        N/A       100%        8
 Infestation              Necr           39%        N/A       100%        8
 Necromutation            Tmut/Necr      39%        N/A       100%        8
 Death's Door             Necr           39%        N/A       100%        9
 Dragon's Call            Summ           39%        N/A       100%        9


Dungeon Overview and Level Annotations

Branches:
Dungeon (15/15)            Temple (1/1) D:5            Lair (5/5) D:8
 Shoals (4/4) Lair:3       Spider (4/4) Lair:3        Slime (5/5) Lair:4
    Orc (2/2) D:10            Elf (3/3) Orc:2        Vaults (5/5) D:14
  Crypt (0/3) Vaults:2     Depths (4/4) D:15           Hell (visited)
    Dis (0/7) Hell            Geh (0/7) Hell            Coc (0/7) Hell
    Tar (0/7) Hell            Zot (0/5) Depths:4      Sewer (visited)
 Bailey (visited)           IceCv (visited)         Volcano (visited)
 WizLab (visited)         Desolation (visited)

Altars:
Ashenzari
Cheibriados
Elyvilon
Fedhas
Kikubaaqudgha
Makhleb
Nemelex Xobeh
Okawaru
Qazlal
Sif Muna
Trog
Uskayaw
Vehumet
Xom
Zin
The Shining One
Lugonu

Shops:
D:7 [([   D:9 :   Orc:2 ***[   Elf:1 ?   Shoals:3 *   Shoals:4 *   Vaults:1 !
Vaults:3 (   Vaults:5 *

Portals:
Hell: Depths:1 Depths:2 Depths:3 Depths:4
Abyss: Lair:5 Depths:1 Depths:3
Pandemonium: Depths:2 Depths:4

Annotations:
Elf:3 1 exclusion


Message History

Casting: Shatter (dangerous; 1% risk of failure)
Confirm with . or Enter, or press ? or * to list all spells.
You feel a surge of power!
The dungeon rumbles!
You kill the balrug!
Vehumet accepts your kill.
You feel your power returning.
You kill the balrug!
Vehumet accepts your kill.
You feel your power returning.
The balrug is almost dead.
The Brimstone Fiend is severely wounded.
The balrug is severely wounded.
You kill the hell hog!
Vehumet accepts your kill.
You kill the balrug!
Vehumet accepts your kill.
The balrug is lightly wounded.
The balrug gestures at you. Something smites you!
Casting: Shatter (dangerous; 1% risk of failure)
Confirm with . or Enter, or press ? or * to list all spells.
You feel a surge of power!
The dungeon rumbles!
You kill the balrug!
Vehumet accepts your kill.
You feel your power returning.
The balrug is almost dead.
The balrug is moderately wounded.
You kill the hell knight!
Vehumet accepts your kill. The balrug gestures at you. Something smites you!
* * * LOW HITPOINT WARNING * * *
A balrug comes into view. It is wielding a +0 demon whip.
A balrug comes into view.
It is wielding a +2 demon whip of freezing.
A Brimstone Fiend comes into view.
The Brimstone Fiend gestures at you.
The sphere of damnation explodes!
The damnation engulfs you!!!
You die...

2......................▓
.h.2L○☼☼.§.☼§.☼........▓
p2)2§○.)○○.§...........▓
)..1.°§☼°.☼.☼..........▓
...§.1°.○☼2°...........▓
...2.○○.☼.○.▓▓▓▓▓▓▓▓▓▓▓▓
...§°☼..○§§§▓
....○☼○§○§°○▓
...☼...☼§.@.▓
....§.☼☼§.☼○▓ ▓▓▓▓▓▓▓▓▓▓


You could see a dread lich, 2 Brimstone Fiends and 4 balrugs.

Vanquished Creatures
  the Royal Jelly (Slime:5)
  5 dread liches
  2 ancient liches
  2 pandemonium lords
  A juggernaut (Zig:16)
  Sojobo (Vaults:4)
  2 shard shrikes
  A Killer Klown (Zig:2)
  Boris (twice) (Vaults:4 Vaults:5)
  Bai Suzhen (Spider:4)
  A caustic shrike (Zig:17)
  3 golden dragons
  Geryon (Hell)
  7 hellephants
  2 bone dragons (Zig:21)
  4 Tzitzimimeh
  3 doom hounds (Depths:2)
  4 Brimstone Fiends
  An iron giant (shapeshifter) (Zig:7)
  The ghost of jrbgvjkr the Warrior, an adept MiFi of Okawaru (Vaults:2)
  Arachne (Spider:4)
  2 iron giants (Zig:17)
  A tentacled monstrosity (Zig:4)
  A walking crystal tome (Zig:6)
  Zenata (Vaults:2)
  4 liches
  3 Hell Sentinels (Zig:17)
  2 Ice Fiends
  A titan (Vaults:5)
  3 deep elf blademasters (Elf:3)
  2 walking earthen tomes (WizLab)
  21 acid blobs
  8 searing wretches
  A quicksilver dragon (Vaults:5)
  A deep elf master archer (Zig:5)
  Grunn (Depths:2)
  A walking divine tome (WizLab)
  A walking frostbound tome (Depths:3)
  10 sphinxes
  Murray (Depths:3)
  2 Executioners (Zig:20)
  4 krakens
  Kirke (Lair:4)
  6 ancient champions
  4 tengu reavers
  13 shadow dragons
  6 storm dragons
  6 revenants (Zig:21)
  3 nagarajas (Zig:14)
  A strange machine (WizLab)
  12 rockslimes
  11 fire giants
  6 narguns (Zig:13)
  9 draconian knights
  16 azure jellies
  5 draconian monks
  7 frost giants
  5 draconian scorchers
  11 emperor scorpions
  7 deep elf sorcerers
  8 iron dragons
  20 vault wardens
  2 imperial myrmidons (Desolation)
  16 balrugs
  A frost giant (shapeshifter) (Zig:7)
  3 demonspawn warmongers (Zig:20)
  10 ghost moths
  Louise (Spider:4)
  A ghoul (Zig:21)
  4 cacodemons
  5 orc warlords
  8 draconian annihilators
  3 curse skulls (Zig:21)
  17 ironbound preservers
  2 spriggan defenders
  5 deep elf elementalists (Elf:3)
  9 war gargoyles
  14 quicksilver oozes
  7 draconian stormcallers
  6 draconian shifters
  3 demonspawn corrupters (Zig:20)
  21 stone giants
  A demonspawn blood saint (Zig:20)
  5 reapers
  2 broodmothers
  18 very ugly things
  10 vampire knights
  An eleionoma (shapeshifter) (Zig:7)
  2 elemental wellsprings (Hell)
  4 black draconians
  3 demonspawn black suns (Zig:20)
  A halazid warlock (Desolation)
  Nessos (Lair:3)
  5 green draconians
  7 ironbound thunderhulks
  4 deep elf demonologists
  8 red draconians
  The ghost of Hietyl the Marksant, a journeyman FoHu of Okawaru (Lair:2)
  8 deep elf annihilators
  7 white draconians
  An eleionoma (Zig:4)
  5 lorocyprocas
  11 dire elephants
  17 spark wasps
  6 yellow draconians
  The ghost of Drevant2 the Devastator, a journeyman DrCj of Sif Muna (Lair:1)
  7 wendigos
  3 purple draconians
  7 blizzard demons
  5 eidola
  6 iron golems (Zig:17)
  12 ettins
  9 deep elf death magi
  3 crystal guardians
  7 fire dragons
  11 great orbs of eyes
  Josephine (Spider:1)
  2 green deaths (Zig:20)
  5 jiangshi
  6 merfolk impalers
  11 deep elf high priests
  A fenstrider witch zombie (Hell)
  3 merfolk javelineers
  12 entropy weavers
  5 yaktaur captains
  8 ice dragons
  Fannar (Lair:2)
  33 vault guards
  4 hell beasts
  4 hydras
  4 rakshasas (WizLab)
  4 ragged hierophants (Desolation)
  6 servants of whispers (Desolation)
  10 peacekeepers
  An alligator snapping turtle (Shoals:2)
  3 spriggan air magi
  6 salamander tyrants (Zig:14)
  An anaconda (Zig:14)
  A caustic shrike simulacrum (IceCv)
  8 ironbound frosthearts
  3 jorogumos
  4 merfolk avatars
  6 radroaches
  3 satyrs
  12 centaur warriors
  4 deep troll shamans
  7 boulder beetles
  7 merfolk aquamancers
  An anaconda (shapeshifter) (Vaults:5)
  11 two-headed ogres
  A naga warrior (Zig:14)
  An alligator (shapeshifter) (Depths:2)
  2 spriggan skeletons (Hell)
  43 dancing weapons
  9 deep troll earth magi
  7 tengu warriors
  2 thrashing horrors (Lair:5)
  10 vampire magi
  A spriggan berserker (Depths:1)
  10 hell hogs
  2 shock serpents (Zig:14)
  2 naga sharpshooters (Zig:14)
  10 sun demons
  5 orc high priests
  Urug (Lair:4)
  11 hell knights
  13 deep elf knights
  5 skysharks
  6 soul eaters
  12 iron trolls
  A wretched star (Zig:6)
  13 pharaoh ants
  A fire crab (Volcano)
  4 sun moths
  2 sixfirhies (Depths:3)
  57 deep trolls
  5 skeletal warriors (D:11)
  A sea snake (shapeshifter) (D:13)
  A shadow demon (Zig:20)
  6 bog bodies
  6 flayed ghosts
  A naga ritualist (Zig:14)
  A swamp dragon (Zig:4)
  5 glowing orange brains
  13 sea snakes
  2 lindwurms (shapeshifter)
  6 steelbarb worms
  2 obsidian statues (IceCv)
  18 orb spiders
  3 wizards
  A harpy (shapeshifter) (D:13)
  21 deep elf archers
  6 lindwurms
  39 orc knights
  5 spriggan simulacra
  4 harpies
  11 ironbound convokers
  5 phantasmal warriors
  2 starcursed masses (Zig:6)
  18 deep elf zephyrmancers
  4 mana vipers (Zig:14)
  19 wolf spiders
  12 fauns
  11 necromancers
  10 orc sorcerers
  35 deep elf pyromancers
  A wolf spider (shapeshifter) (Vaults:5)
  15 manticores
  6 cyclopes
  6 shining eyes
  42 ugly things
  A guardian serpent (Desolation)
  10 black mambas
  An elephant (shapeshifter) (Zig:10)
  A guardian serpent (shapeshifter) (Lair:5)
  11 rust devils
  A stone giant skeleton (Vaults:5)
  A water nymph (shapeshifter) (Zig:7)
  An eye of devastation (Slime:3)
  7 water nymphs
  4 naga magi (Zig:14)
  16 elephants
  8 molten gargoyles
  5 merfolk sirens
  10 moths of wrath
  10 cane toads
  11 vault sentinels
  10 demonic crawlers
  4 orange demons
  4 hellions
  11 gargoyles
  12 smoke demons
  The ghost of Grim the Chopper, a novice FoFi of Gozag (D:4)
  12 torpor snails
  An unseen horror (D:12)
  A torpor snail (shapeshifter) (Zig:2)
  9 komodo dragons
  Maggie (D:8)
  A kobold demonologist (D:6)
  An efreet (D:15)
  5 tormentors
  25 yaktaurs
  5 rime drakes
  3 ice devils
  A tengu conjurer (D:14)
  13 freezing wraiths
  2 ancient zymes (Lair:5)
  2 golden dragon simulacra (IceCv)
  3 red devils
  19 trolls
  2 merfolk (shapeshifter)
  10 meliai
  3 polar bears
  2 hellwings (Zig:20)
  22 tarantellas
  A tengu simulacrum (Zig:12)
  A queen bee (Lair:1)
  A hornet (Lair:1)
  A human skeleton (Vaults:5)
  29 merfolk
  2 harpy skeletons (Hell)
  A wind drake (Shoals:1)
  51 saltlings
  A fire dragon zombie (Hell)
  8 dream sheep
  An iron dragon simulacrum (Hell)
  12 snapping turtles
  31 blink frogs
  A snapping turtle (shapeshifter) (Zig:10)
  A stone giant simulacrum (Hell)
  109 slime creatures
  A culicivora (shapeshifter) (Vaults:5)
  7 air elementals
  27 culicivoras
  A dire elephant simulacrum (Hell)
  34 water elementals
  8 wraiths
  18 jumping spiders
  28 yaks
  8 spriggans
  2 shadows (D:11)
  3 fire elementals (Elf:1)
  6 hogs (Lair:4)
  6 ynoxinuls
  2 fire bats (Volcano)
  7 golden eyes
  7 wyverns
  A large abomination (Zig:6)
  6 chaos spawn
  11 basilisks
  A catoblepas simulacrum (Hell)
  8 steam dragons
  4 minotaur simulacra
  55 redbacks
  7 vampire mosquitoes
  Edmund (D:6)
  Menkaure (D:4)
  3 harpy simulacra
  2 nagas (Zig:14)
  A glowing shapeshifter zombie (Vaults:5)
  4 wargs
  2 acid dragons
  A floating eye (Slime:3)
  14 water moccasins
  3 hell hounds
  A hydra simulacrum (IceCv)
  67 orc warriors
  7 ice beasts
  A sky beast (shapeshifter) (Elf:2)
  3 black bears
  7 ettin simulacra (IceCv)
  2 sky beasts
  9 ogres
  14 wolves
  5 boggarts (Vaults:3)
  13 centaurs
  A deep troll simulacrum (Spider:2)
  5 kobold brigands
  Blork the orc (D:6)
  4 gnoll sergeants
  14 bullfrogs
  4 earth elementals
  3 scorpions
  A bullfrog (shapeshifter) (D:14)
  A wyvern skeleton (D:4)
  5 wights
  13 small abominations (Lair:5)
  40 killer bees
  2 lindwurm simulacra (Spider:2)
  6 howler monkeys
  3 lava snakes (Volcano)
  A wyvern simulacrum (D:8)
  20 orc priests
  Crazy Yiuf (D:6)
  2 gnoll boudas
  5 jellies
  A sleepcap (D:5)
  A hound (D:6)
  6 iguanas
  14 hell rats
  24 orc wizards
  A killer bee zombie (D:4)
  3 centaur simulacra
  A howler monkey zombie (D:4)
  19 adders
  40 gnolls
  3 river rats
  A shadow imp (D:6)
  8 white imps
  A howler monkey simulacrum (D:8)
  3 ufetubi
  3 worms
  5 dart slugs
  95 orcs
  12 ball pythons
  A bat zombie (D:10)
  15 endoplasms
  A giant cockroach (D:6)
  14 goblins
  14 hobgoblins
  10 jackals
  2 quokkas
  3 bats
  3 frilled lizards (D:2)
  22 kobolds
  9 rats
  3 rat zombies (D:10)
  A fire vortex (Zig:20)
  5 pillars of salt (Orc:2)
  3 tentacles (Shoals:1)
2815 creatures vanquished.

Vanquished Creatures (collateral kills)
  An acid blob (Slime:5)
  A sphinx (Zig:10)
  A shining eye (Slime:5)
  2 molten gargoyles (Desolation)
  3 saltlings (Desolation)
  3 foxfires
11 creatures vanquished.

Vanquished Creatures (others)
  A demonspawn black sun (Zig:20)
  A jorogumo (Spider:3)
  A caustic shrike simulacrum (Zig:13)
  A demonic crawler (Spider:3)
  A tengu simulacrum (Zig:13)
  A hound (D:6)
  A hell rat (Hell)
  59 fire vortices
  129 foxfires
  72 fulminant prisms
  34 fungi
  4 pillars of salt (Orc:2)
  150 plants
  17 tentacles
472 creatures vanquished.

Grand Total: 3298 creatures vanquished

Notes
Turn   | Place    | Note
-------+----------+-------------------------------------------
     0 | D:1      | LoFi84 the Deep Elf Conjurer began the quest for the Orb.
     0 | D:1      | Reached XP level 1. HP: 10/10 MP: 6/6
   187 | D:1      | Reached XP level 2. HP: 15/15 MP: 5/8
   228 | D:1      | Learned a level 2 spell: Searing Ray
   829 | D:2      | Reached skill level 4 in Spellcasting
   958 | D:2      | Reached skill level 5 in Conjurations
   958 | D:2      | Reached XP level 3. HP: 19/19 MP: 7/10
  2291 | D:3      | Found a snail-covered altar of Cheibriados.
  2296 | D:3      | Upgraded the game from 0.30-a0-883-g5ad918d77d to
                  | 0.30-a0-897-ga2f19c967e
  2465 | D:3      | Reached XP level 4. HP: 24/24 MP: 7/12
  2504 | D:3      | Learned a level 3 spell: Dazzling Flash
  2975 | D:4      | Reached skill level 5 in Spellcasting
  2975 | D:4      | Reached skill level 1 in Hexes
  3067 | D:4      | Noticed Menkaure
  3076 | D:4      | Killed Menkaure
  3077 | D:4      | Reached XP level 5. HP: 16/28 MP: 8/15
  3200 | D:4      | Learned a level 4 spell: Fulminant Prism
  3256 | D:4      | Found a runed translucent gate.
  3256 | D:4      | Found a runed translucent gate.
  3256 | D:4      | Found a runed translucent gate.
  3256 | D:4      | Noticed an ice beast
  3266 | D:4      | Killed an ice beast
  3267 | D:4      | Reached XP level 6. HP: 18/32 MP: 5/16
  3352 | D:4      | Noticed Grim's ghost (novice FoFi)
  3378 | D:4      | Learned a level 1 spell: Foxfire
  3435 | D:4      | Reached skill level 6 in Spellcasting
  3435 | D:4      | Reached skill level 1 in Fire Magic
  4213 | D:5      | Entered Level 5 of the Dungeon
  4277 | D:5      | Reached XP level 7. HP: 36/36 MP: 5/18
  4404 | D:5      | Found a staircase to the Ecumenical Temple.
  4410 | Temple   | Entered the Ecumenical Temple
  4422 | Temple   | Became a worshipper of Vehumet
  4451 | D:5      | Reached skill level 5 in Hexes
  4861 | D:5      | Found a blossoming altar of Fedhas.
  5281 | D:6      | Reached skill level 7 in Spellcasting
  5354 | D:6      | Reached XP level 8. HP: 27/41 MP: 7/20
  5605 | D:6      | Reached skill level 5 in Fire Magic
  5723 | D:6      | Noticed Blork the orc
  5738 | D:6      | Reached * piety under Vehumet
  5738 | D:6      | Offered knowledge of Kiss of Death by Vehumet.
  5745 | D:6      | Killed Blork the orc
  5753 | D:6      | Found a glowing drain.
  5766 | Sewer    | Entered a sewer
  6511 | Sewer    | Reached skill level 8 in Spellcasting
  6841 | D:6      | Found a shimmering altar of Xom.
  6841 | D:6      | Noticed a kobold demonologist
  6918 | D:6      | Killed a kobold demonologist
  6918 | D:6      | Offered knowledge of Scorch by Vehumet.
  7045 | D:6      | Reached XP level 9. HP: 21/45 MP: 12/23
  7227 | D:6      | Reached ** piety under Vehumet
  7281 | D:6      | Found a runed translucent door.
  7282 | D:6      | Noticed Crazy Yiuf
  7291 | D:6      | Killed Crazy Yiuf
  7634 | D:6      | Learned a level 2 spell: Scorch
  7640 | D:6      | Learned a level 5 spell: Fireball
  7645 | D:6      | Learned a level 4 spell: Iskenderun's Mystic Blast
  7690 | D:6      | Noticed Edmund
  7701 | D:6      | Killed Edmund
  7828 | D:6      | Identified the +10 long sword "Iwnateew" {flame, Contam
                  | rPois Int+3 Dex+2}
  8196 | D:6      | Reached skill level 1 in Translocations
  8320 | D:7      | Found Efoschoru's Weapon Emporium.
  8372 | D:7      | Reached skill level 9 in Spellcasting
  8606 | D:7      | Found Ularghes's Antique Armour Boutique.
  8664 | D:7      | Found Ogheng's Armour Emporium.
  9753 | D:5      | Found a white marble altar of Elyvilon.
  9753 | D:5      | Found an iron altar of Okawaru.
  9879 | D:4      | Killed Grim's ghost
  9879 | D:4      | Offered knowledge of Kindle Blastsparks by Vehumet.
  9880 | D:4      | Reached XP level 10. HP: 17/50 MP: 11/25
 10111 | D:7      | Learned a level 3 spell: Kindle Blastsparks
 10145 | D:8      | Reached skill level 10 in Conjurations
 10269 | D:8      | Noticed Maggie
 10296 | D:8      | Killed Maggie
 10822 | D:8      | Found a staircase to the Lair.
 10870 | D:8      | Reached skill level 10 in Spellcasting
 11159 | D:8      | Reached *** piety under Vehumet
 11582 | Lair:1   | Entered Level 1 of the Lair of Beasts
 11657 | Lair:1   | Reached skill level 10 in Fire Magic
 11671 | Lair:1   | Reached skill level 1 in Fighting
 11680 | Lair:1   | Offered knowledge of Mephitic Cloud by Vehumet.
 11933 | Lair:1   | Learned a level 3 spell: Mephitic Cloud
 12125 | Lair:1   | Got the Compilation of the Boggart
 12350 | Lair:1   | Noticed a black mamba
 12356 | Lair:1   | Killed a black mamba
 12357 | Lair:1   | Reached skill level 5 in Dodging
 12357 | Lair:1   | Reached XP level 11. HP: 59/59 MP: 25/27
 12720 | Lair:1   | Noticed Drevant2's ghost (journeyman DrCj)
 12721 | Lair:1   | Found a bloodstained altar of Trog.
 12723 | Lair:1   | Noticed a spriggan rider
 12747 | Lair:1   | Found a transporter.
 12765 | Lair:1   | Found a transporter.
 13112 | Lair:1   | Reached **** piety under Vehumet
 13410 | Lair:1   | Offered knowledge of Flame Wave by Vehumet.
 13504 | Lair:1   | Found the +8 whip "Snakebite" {venom, curare, rPois}
 13782 | Lair:2   | Noticed Fannar
 13785 | Lair:2   | Killed Fannar
 13786 | Lair:2   | Reached skill level 5 in Fighting
 13786 | Lair:2   | Noticed a skyshark
 13789 | Lair:2   | Noticed a five-headed hydra
 13790 | Lair:2   | Killed a skyshark
 14147 | Lair:2   | Found a runed translucent door.
 14148 | Lair:2   | Noticed Hietyl's ghost (journeyman FoHu)
 14232 | Lair:2   | Noticed a boulder beetle
 14586 | Lair:1   | Killed a boulder beetle
 14683 | Lair:2   | Killed a five-headed hydra
 14684 | Lair:2   | Reached skill level 10 in Dodging
 14684 | Lair:2   | Reached XP level 12. HP: 36/71 MP: 28/28
 15581 | Lair:3   | Reached skill level 1 in Air Magic
 15843 | Lair:3   | Reached skill level 11 in Spellcasting
 15848 | Lair:3   | Learned a level 4 spell: Flame Wave
 15882 | Lair:3   | Found a hole to the Spider Nest.
 15891 | Lair:3   | Noticed Nessos
 16087 | Lair:3   | Reached skill level 12 in Spellcasting
 16192 | Lair:3   | Killed Nessos
 16562 | Lair:3   | Found a staircase to the Shoals.
 16567 | Lair:3   | Reached ***** piety under Vehumet
 16852 | Lair:4   | Reached skill level 13 in Spellcasting
 16978 | Lair:3   | Offered knowledge of Iron Shot by Vehumet.
 17067 | Lair:3   | Learned a level 6 spell: Starburst
 17075 | Lair:4   | Reached skill level 14 in Spellcasting
 17613 | Lair:2   | Killed Hietyl's ghost
 17614 | Lair:2   | Reached skill level 1 in Evocations
 18226 | Lair:1   | Reached XP level 13. HP: 65/79 MP: 33/33
 18229 | Lair:1   | Killed Drevant2's ghost
 18773 | Lair:2   | Upgraded the game from 0.30-a0-897-ga2f19c967e to
                  | 0.30-a0-912-ge10d75a369
 19086 | Lair:4   | Reached skill level 1 in Shields
 19210 | Lair:4   | Noticed Urug
 19214 | Lair:4   | Killed Urug
 19474 | Lair:4   | Reached skill level 15 in Spellcasting
 19554 | Lair:4   | Noticed Kirke
 19585 | Lair:4   | Killed Kirke
 19686 | Lair:4   | Reached skill level 16 in Spellcasting
 19686 | Lair:4   | Reached XP level 14. HP: 84/84 MP: 36/36
 19693 | Lair:4   | Learned a level 5 spell: Iskenderun's Battlesphere
 19790 | Lair:4   | Found a staircase to the Slime Pits.
 20190 | Lair:5   | Entered Level 5 of the Lair of Beasts
 20279 | Lair:5   | Found a dark tunnel.
 20295 | Volcano  | Entered a volcano
 20300 | Volcano  | Learned a level 3 spell: Swiftness
 20745 | Volcano  | Found a bloodstained altar of Trog.
 20851 | Volcano  | Offered knowledge of Conjure Ball Lightning by Vehumet.
 21299 | Lair:5   | Found the dreamshard necklace {*Dream Drain}
 21428 | Lair:5   | Reached skill level 17 in Spellcasting
 21766 | Lair:5   | Found a shimmering blue altar of Sif Muna.
 22387 | Lair:5   | Reached skill level 5 in Evocations
 23227 | Lair:5   | Reached XP level 15. HP: 90/90 MP: 32/38
 23324 | Lair:5   | Found a corrupted altar of Lugonu.
 23328 | Lair:5   | Found a one-way gate to the infinite horrors of the Abyss.
 24664 | D:9      | Offered knowledge of Ozocubu's Refrigeration by Vehumet.
 24998 | D:9      | Found Reotageko's Tremendous Tomes.
 25282 | D:10     | Entered Level 10 of the Dungeon
 25424 | D:10     | Found a sparkling altar of Nemelex Xobeh.
 25469 | D:10     | Found a flagged portal.
 25481 | Bailey   | Entered a bailey
 25590 | Bailey   | Reached skill level 18 in Spellcasting
 26252 | D:10     | Offered knowledge of Lee's Rapid Deconstruction by Vehumet.
 26430 | D:10     | Found a staircase to the Orcish Mines.
 26528 | D:10     | Found a bloodstained altar of Trog.
 26818 | D:10     | Found an ancient bone altar of Kikubaaqudgha.
 26881 | Orc:1    | Entered Level 1 of the Orcish Mines
 27221 | Orc:2    | Entered Level 2 of the Orcish Mines
 27627 | Orc:2    | Learned a level 5 spell: Lee's Rapid Deconstruction
 27627 | Orc:2    | Reached XP level 16. HP: 96/96 MP: 31/40
 27736 | Orc:2    | Offered knowledge of Freezing Cloud by Vehumet.
 27939 | Orc:2    | Found Vudoh's General Store.
 28063 | Orc:2    | Found Ijinea's General Store.
 28065 | Orc:2    | Found Xeidu Yka's General Store.
 28194 | Orc:2    | Bought a potion of magic for 96 gold pieces
 28215 | Orc:2    | Found Acaontyi's Antique Armour Shoppe.
 28265 | Orc:2    | Reached skill level 19 in Spellcasting
 28479 | Orc:2    | Found a staircase to the Elven Halls.
 29362 | Orc:2    | Bought a scroll of enchant armour for 97 gold pieces
 29435 | Orc:2    | Bought an embroidered scarf for 144 gold pieces
 29657 | D:9      | Bought Kaitaz's Directory of the Sizzling Plateau for 1344
                  | gold pieces
 30741 | D:11     | Found an iron altar of Okawaru.
 30749 | D:11     | Identified the +8 chain mail "Meodd" {Harm rCorr SInv}
 31383 | D:12     | Offered knowledge of Eringya's Noxious Bog by Vehumet.
 32306 | D:12     | Reached skill level 20 in Spellcasting
 33083 | D:13     | Reached XP level 17. HP: 100/100 MP: 43/43
 33231 | D:13     | Reached skill level 10 in Earth Magic
 33819 | D:13     | Learned a level 6 spell: Iron Shot
 33864 | D:14     | Found a gate to the Vaults.
 33976 | D:14     | Reached skill level 1 in Poison Magic
 34591 | D:14     | Offered knowledge of Lehudib's Crystal Spear by Vehumet.
 35329 | D:15     | Entered Level 15 of the Dungeon
 35344 | D:15     | Identified a scroll of acquirement
 35578 | Lair:2   | Acquired the +0 helmet of Bicu {Will++}
 36495 | D:15     | Reached skill level 21 in Spellcasting
 36546 | D:15     | Found a staircase to the Depths.
 37141 | Lair:2   | Upgraded the game from 0.30-a0-912-ge10d75a369 to
                  | 0.30-a0-916-g98134172ad
 37187 | Slime:1  | Entered Level 1 of the Pits of Slime
 37282 | Shoals:1 | Entered Level 1 of the Shoals
 37324 | Shoals:1 | Reached skill level 10 in Fighting
 37985 | Shoals:1 | Noticed a kraken
 37993 | Shoals:1 | Killed a kraken
 38649 | Shoals:1 | Noticed a kraken
 38669 | Shoals:1 | Killed a kraken
 38905 | Shoals:1 | Identified the +5 cloak of the Dolphin {Contam rC+ Int+4
                  | Dex+2}
 39064 | Shoals:1 | Identified the +1 cloak of Death Resistance {rElec rC+
                  | Will++}
 40626 | Shoals:3 | Reached skill level 22 in Spellcasting
 41071 | Shoals:3 | Found Favuk's General Store.
 41079 | Shoals:3 | Bought a scroll of acquirement for 624 gold pieces
 41079 | Shoals:3 | Identified the +7 mace of Law {elec, Int+3 SInv}
 41104 | Shoals:3 | Acquired a staff of fire
 41204 | Shoals:3 | Learned a level 8 spell: Lehudib's Crystal Spear
 41274 | Shoals:3 | Noticed a kraken
 41281 | Shoals:3 | Killed a kraken
 41462 | Shoals:4 | Entered Level 4 of the Shoals
 41629 | Shoals:4 | Found a transporter.
 41633 | Shoals:4 | Found a transporter.
 41648 | Shoals:4 | Reached XP level 18. HP: 97/108 MP: 33/46
 41666 | Shoals:4 | Identified the +6 dagger of Integrity {drain, *Noise rF+
                  | Str+4 Int+6}
 41666 | Shoals:4 | Reached ****** piety under Vehumet
 41931 | Shoals:4 | Offered knowledge of Fire Storm by Vehumet.
 41931 | Shoals:4 | Offered knowledge of Chain Lightning by Vehumet.
 41931 | Shoals:4 | Offered knowledge of Polar Vortex by Vehumet.
 42379 | Shoals:4 | Identified the staff of earth "Yceujol" {Dex+2}
 42394 | Shoals:4 | Found a transporter.
 42403 | Shoals:4 | Found a transporter.
 42846 | Shoals:4 | Identified the +1 war axe "Imiuriuk" {speed, rPois rC-
                  | Will+++ Str-4 Stlth+}
 42966 | Shoals:4 | Found Wiura's Mass Market.
 43130 | Shoals:4 | Found a transporter.
 43317 | Shoals:4 | Found a transporter.
 43481 | Shoals:4 | Reached skill level 15 in Earth Magic
 43596 | Shoals:4 | Got a barnacled rune of Zot
 43998 | Spider:1 | Entered Level 1 of the Spider Nest
 44419 | Spider:1 | Reached skill level 1 in Armour
 44800 | Spider:1 | Noticed Josephine
 44805 | Spider:1 | Killed Josephine
 45102 | Spider:1 | Learned a level 2 spell: Blink
 46006 | Spider:2 | Reached skill level 23 in Spellcasting
 46251 | Spider:2 | Found a frozen archway.
 46299 | IceCv    | Entered an ice cave
 46557 | IceCv    | Gained mutation: Your flesh is heat resistant. (rF+) [a
                  | neqoxec]
 47022 | IceCv    | Noticed an Ice Fiend
 47024 | IceCv    | Killed an Ice Fiend
 47029 | IceCv    | Identified the +0 pair of boots of Prudence {rCorr}
 47234 | Spider:2 | Reached XP level 19. HP: 113/113 MP: 48/48
 48688 | Spider:4 | Entered Level 4 of the Spider Nest
 48688 | Spider:4 | Noticed Bai Suzhen
 48967 | Spider:4 | Noticed Louise
 48972 | Spider:4 | Killed Louise
 49692 | Spider:4 | Killed Bai Suzhen
 50179 | Spider:4 | Noticed Arachne
 50186 | Spider:4 | Killed Arachne
 50560 | Spider:4 | Identified the +1 hat "Iciakin" {*Slow rPois Will++ Stlth+}
 50562 | Spider:4 | Got a gossamer rune of Zot
 50909 | Lair:2   | Upgraded the game from 0.30-a0-916-g98134172ad to
                  | 0.30-a0-919-g9323dee000
 51221 | Vaults:1 | Entered Level 1 of the Vaults
 51430 | Vaults:1 | Found Deurus's Distillery.
 51651 | Vaults:1 | Found a magical portal.
 51663 | Vaults:1 | Reached skill level 1 in Polearms
 51792 | WizLab   | Entered Tukima's Studio
 52087 | WizLab   | Identified the +5 hand crossbow of Terra Nullius {speed,
                  | Str+3}
 52132 | WizLab   | Identified the +6 hand crossbow "Caem" {speed, +Blink Will+
                  | Str-5}
 52594 | WizLab   | Identified the +4 pair of boots of the Miller {Rampage
                  | rElec}
 52606 | WizLab   | Got the Directory of Beguiling
 52610 | WizLab   | Identified the +0 pair of boots of Fenual {rC+ rN+ Str-5
                  | Slay+3}
 52624 | WizLab   | Got the Anthology of Obstruction
 52813 | Vaults:1 | Reached XP level 20. HP: 49/120 MP: 41/49
 53081 | Vaults:1 | Reached skill level 15 in Dodging
 53456 | Vaults:1 | Identified the +0 leather armour of Shadows and Fog {Will-
                  | rCorr Str+3 Dex+4}
 55393 | Lair:2   | Acquired the +2 pair of boots "Uguboich" {Int+3 SInv}
 56068 | Vaults:2 | Reached skill level 15 in Conjurations
 56580 | Vaults:2 | Reached skill level 15 in Fire Magic
 56749 | Vaults:2 | Found a staircase to the Crypt.
 56971 | Vaults:2 | Noticed Zenata
 56996 | Vaults:2 | HP: 3/121 [poisoned by a +1 hand axe of venom]
 57489 | Vaults:2 | Killed Zenata
 57871 | Vaults:2 | Found a runed translucent door.
 57874 | Vaults:2 | Noticed jrbgvjkr's ghost (adept MiFi)
 57890 | Vaults:2 | Killed jrbgvjkr's ghost
 57891 | Vaults:2 | Reached skill level 24 in Spellcasting
 57898 | Vaults:2 | Identified the +0 pair of gloves "Farosoru" {rC+}
 58160 | Vaults:2 | Found a gateway to a bazaar.
 58169 | Bazaar   | Entered a bazaar
 58171 | Bazaar   | Found Plog's Weapon Boutique.
 58175 | Bazaar   | Found Wiujolen's Assorted Antiques.
 58175 | Bazaar   | Found Meuqik's Book Boutique.
 58176 | Bazaar   | Found Ocrota's Antique Armour Boutique.
 58674 | Lair:2   | Upgraded the game from 0.30-a0-919-g9323dee000 to
                  | 0.30-a0-923-g828ccac5a3
 59008 | Vaults:3 | Found Rab Hiov's Weapon Shop.
 59524 | Vaults:3 | Reached skill level 5 in Polearms
 61142 | Vaults:3 | Reached XP level 21. HP: 85/126 MP: 37/51
 61624 | Vaults:4 | Found a crumbling gateway.
 61624 | Vaults:4 | Noticed Sojobo
 61633 | Vaults:4 | Killed Sojobo
 61727 | Desolati | Entered the Desolation of Salt
 61808 | Desolati | Learned a level 5 spell: Lee's Rapid Deconstruction
 62191 | Desolati | Identified the +1 war axe of Basmol {freeze, +Blink rElec
                  | rN++ Int-4}
 62331 | Desolati | Identified the ring "Geromn" {rPois rF- rCorr AC+4 Dex+3}
 62774 | Desolati | Found the +5 Storm Queen's Shield {shock, Fly rElec}
 63271 | Desolati | Got Sif Muna's Elucidation of Gathered Evil Deeds
 63273 | Desolati | Identified the staff of death "Hocwiq" {rF+ rN+ Str-4
                  | Dex+5}
 63588 | Vaults:4 | Noticed Boris
 63594 | Vaults:4 | Killed Boris
 64112 | Vaults:4 | Reached skill level 5 in Shields
 65749 | Elf:1    | Entered Level 1 of the Elven Halls
 65885 | Elf:1    | Found a portal to a secret trove of treasure.
 65892 | Elf:1    | You paid a toll of 5 scrolls of fear to enter a treasure
                  | trove
 65893 | Trove    | Entered a treasure trove
 65905 | Trove    | Identified the +6 whip "Arbiter" {drain, *Noise rN+ Str+4
                  | Dex+4}
 65917 | Trove    | Identified the +3 dagger of the Well-Known Tusks {heavy,
                  | Will+}
 65918 | Trove    | Identified the +6 dagger "Kuawewk" {heavy, rElec rF+}
 65931 | Trove    | Identified the +7 sling of Maulun {venom, Fly}
 65942 | Trove    | Identified the +0 dagger of the Nice God {distort, rC+
                  | Int+3 SInv}
 66144 | Elf:1    | Found Tiasiog's Magic Scroll Shoppe.
 66160 | Elf:1    | Bought a scroll of blinking for 120 gold pieces
 66160 | Elf:1    | Bought 3 scrolls of magic mapping for 360 gold pieces
 66935 | Elf:1    | Found a runed translucent gate.
 66935 | Elf:1    | Found a runed translucent gate.
 66935 | Elf:1    | Found a runed translucent gate.
 66935 | Elf:1    | Found a runed translucent gate.
 66935 | Elf:1    | Found a runed translucent gate.
 66936 | Elf:1    | Found a runed translucent gate.
 67323 | Elf:1    | Reached XP level 22. HP: 92/126 MP: 48/52
 67411 | Elf:1    | Identified the +1 chain mail of Shadows and Fog {rElec
                  | rPois rC- Will+}
 67641 | Elf:2    | Reached skill level 25 in Spellcasting
 68000 | Elf:2    | Found a runed translucent gate.
 68000 | Elf:2    | Found a runed translucent gate.
 68000 | Elf:2    | Found a runed translucent gate.
 68212 | Elf:3    | Entered Level 3 of the Elven Halls
 68268 | Elf:3    | Found a flickering gateway to a bazaar.
 68274 | Bazaar   | Entered a bazaar
 68275 | Bazaar   | Found Hichuv's General Store.
 68275 | Bazaar   | Found Sacvourph's Book Emporium.
 68276 | Bazaar   | Found Gamur's Antique Armour Boutique.
 68307 | Bazaar   | Found Liyzilam's Weapon Shop.
 68326 | Bazaar   | Bought a manual of Shields for 640 gold pieces
 68338 | Bazaar   | Bought a pair of smoking gloves for 123 gold pieces
 68338 | Bazaar   | Identified the +4 pair of gloves of the Pleiades {Rampage
                  | rElec} (You bought it in a shop in a bazaar)
 68338 | Bazaar   | Bought a fabulously ornate robe for 74 gold pieces
 68338 | Bazaar   | Identified the +2 robe of the Abyss {rElec rC+ Will+} (You
                  | bought it in a shop in a bazaar)
 68349 | Bazaar   | Bought a potion of heal wounds for 65 gold pieces
 68349 | Bazaar   | Bought a potion of curing for 39 gold pieces
 69069 | Elf:3    | Found the +5 demon whip "Spellbinder" {antimagic, disrupt,
                  | Will+}
 69075 | Elf:3    | Identified the +9 triple crossbow "Xeostiemis" {heavy,
                  | rCorr Str-5 Int+6}
 69103 | Elf:3    | Identified the +9 scimitar "Kezxiumm" {heavy, rPois rC-
                  | Int+3}
 69107 | Elf:3    | Identified the +5 hand axe of Income {flame, SInv}
 69108 | Elf:3    | Identified the +4 war axe "Gewkir" {protect, rCorr}
 69123 | Elf:3    | Identified the staff of fire "Pexat" {rF+ rCorr Str+3 Int-5
                  | Stlth+}
 69161 | Elf:3    | Found the +16 obsidian axe {drain, demonic, Mesm Drain Fly
                  | SInv}
 69305 | Elf:3    | Identified the staff of fire "Weadd" {Contam rPois rF+
                  | rCorr}
 69321 | Elf:3    | Identified the staff of air "Lykatic" {Fly rElec rC+ rN+}
 69329 | Elf:3    | Identified the ring "Rosag" {rF+ rC+ Str+3 Int-4}
 69345 | Elf:3    | Identified the staff of poison "Lyedwiug" {Fragile rPois
                  | Dex+2 Stlth+}
 69914 | Lair:2   | Reached XP level 23. HP: 126/126 MP: 54/54
 70728 | Elf:2    | Gained mutation: You do not regenerate when monsters are
                  | visible. [mutagenic glow]
 71728 | Lair:2   | Upgraded the game from 0.30-a0-923-g828ccac5a3 to
                  | 0.30-a0-928-g7f6bbad527
 71948 | Depths:1 | Entered Level 1 of the Depths
 72228 | Lair:2   | Lost mutation: Your flesh is heat resistant. (rF+) [potion
                  | of mutation]
 72228 | Lair:2   | Lost mutation: You do not regenerate when monsters are
                  | visible. [potion of mutation]
 72228 | Lair:2   | Gained mutation: You have a pair of small horns on your
                  | head. [potion of mutation]
 72228 | Lair:2   | Gained mutation: You have supernaturally acute eyesight.
                  | (SInv) [potion of mutation]
 72228 | Lair:2   | Gained mutation: You have sharp toenails. [potion of
                  | mutation]
 72231 | Lair:2   | Lost mutation: You have sharp toenails. [potion of
                  | mutation]
 72231 | Lair:2   | Lost mutation: You have supernaturally acute eyesight.
                  | (SInv) [potion of mutation]
 72231 | Lair:2   | Lost mutation: You have a pair of small horns on your head.
                  | [potion of mutation]
 72231 | Lair:2   | Gained mutation: You occasionally lose the ability to read
                  | scrolls when taking damage. [potion of mutation]
 72231 | Lair:2   | Gained mutation: You are strong-willed. (Will+) [potion of
                  | mutation]
 73267 | Depths:1 | Found a gateway to Hell.
 73652 | Depths:1 | Reached XP level 24. HP: 138/145 MP: 54/54
 73715 | Depths:1 | Identified the ring of Uwazant {rElec Str+6 Int+3 Stlth-}
 73877 | Depths:2 | Reached skill level 10 in Polearms
 74336 | Depths:2 | Found a one-way gateway to a ziggurat.
 74349 | Depths:2 | Reached skill level 10 in Shields
 74790 | Depths:2 | Found a one-way gate leading to the halls of Pandemonium.
 74806 | Depths:2 | Noticed Grunn
 74813 | Depths:2 | Killed Grunn
 75061 | Depths:2 | Identified the +3 great sword "Beidehoe" {antimagic, rN+
                  | Dex+2}
 75750 | Depths:2 | Upgraded the game from 0.30-a0-928-g7f6bbad527 to
                  | 0.30-a0-936-ge0d47acfc0
 75786 | Hell     | Entered the Vestibule of Hell
 75786 | Hell     | Noticed Geryon
 75792 | Hell     | Killed Geryon
 75792 | Hell     | Noticed Murray
 76992 | Depths:3 | Lost mutation: You are strong-willed. (Will+) [potion of
                  | mutation]
 76992 | Depths:3 | Lost mutation: You occasionally lose the ability to read
                  | scrolls when taking damage. [potion of mutation]
 76992 | Depths:3 | Gained mutation: You possess an exceptional clarity of
                  | mind. [potion of mutation]
 76992 | Depths:3 | Gained mutation: You have large cloven feet. [potion of
                  | mutation]
 77152 | Depths:3 | Found the +0 staff of Battle
 78699 | Depths:3 | Killed Murray
 79883 | Hell     | Found a gateway to the ashen valley of Gehenna.
 79996 | Hell     | Found a gateway to the Iron City of Dis.
 80102 | Hell     | Found a gateway to the freezing wastes of Cocytus.
 80240 | Hell     | Found a gateway to the decaying netherworld of Tartarus.
 80350 | Depths:4 | Entered Level 4 of the Depths
 80365 | Depths:4 | Identified the +1 arbalest of Eternal Harmony {flame, rF+
                  | rC+ rN+}
 80492 | Depths:4 | Reached skill level 10 in Evocations
 80518 | Depths:4 | Reached skill level 26 in Spellcasting
 81017 | Depths:4 | Found a gate to the Realm of Zot.
 81054 | Depths:4 | Reached XP level 25. HP: 136/148 MP: 35/55
 81108 | Depths:4 | Learned a level 9 spell: Shatter
 81248 | Depths:4 | Found a hide-covered altar of Uskayaw.
 83675 | Slime:3  | Paralysed by a floating eye for 4 turns
 83907 | Slime:3  | Paralysed by a floating eye for 2 turns
 83990 | Slime:3  | Paralysed by a floating eye for 3 turns
 83996 | Slime:3  | Reached skill level 27 in Spellcasting
 85738 | Lair:2   | Upgraded the game from 0.30-a0-936-ge0d47acfc0 to
                  | 0.30-a0-939-gc8157cb160
 85967 | Slime:5  | Entered Level 5 of the Pits of Slime
 86332 | Slime:5  | Noticed the Royal Jelly
 86341 | Slime:5  | Killed the Royal Jelly
 86373 | Slime:5  | Lost mutation: You possess an exceptional clarity of mind.
                  | [a shining eye]
 86375 | Slime:5  | Gained mutation: You sometimes lose your temper in combat.
                  | [a shining eye]
 86693 | Slime:5  | Got a slimy rune of Zot
 86699 | Slime:5  | Identified the +7 sling "Daommeri" {freeze, rC++ Int+3
                  | Dex-4}
 86749 | Slime:5  | Identified the +6 hand axe of Jugaqyimi {freeze, Str+2}
 86759 | Slime:5  | Identified the staff of earth "Ecoffom" {rN++ Will+ Str+4}
 86808 | Slime:5  | Identified the +2 leather armour "Ripn" {+Blink rF++ Str-2
                  | Dex-2}
 86854 | Slime:5  | Acquired 1347 gold pieces
 87506 | Lair:2   | Lost mutation: You have large cloven feet. [potion of
                  | mutation]
 87506 | Lair:2   | Lost mutation: You sometimes lose your temper in combat.
                  | [potion of mutation]
 87506 | Lair:2   | Gained mutation: You are vulnerable to cold. (rC-) [potion
                  | of mutation]
 87506 | Lair:2   | Gained mutation: You possess an exceptional clarity of
                  | mind. [potion of mutation]
 87506 | Lair:2   | Gained mutation: You are agile. (Dex +4, Str/Int -1)
                  | [potion of mutation]
 87972 | Vaults:5 | Entered Level 5 of the Vaults
 88005 | Vaults:5 | Noticed Boris
 88008 | Vaults:5 | Killed Boris
 88011 | Vaults:5 | Reached XP level 26. HP: 117/156 MP: 56/56
 88020 | Vaults:5 | Noticed a dread lich
 88022 | Vaults:5 | Killed a dread lich
 88704 | Vaults:5 | Found Ymuej's Assorted Antiques.
 88805 | Vaults:5 | Got a silver rune of Zot
 88814 | Vaults:5 | Identified the +0 helmet of Conscience {rC+ rN+}
 89149 | Vaults:5 | Identified the +8 glaive of Pain and Death {freeze, rElec}
 89861 | Lair:2   | Lost mutation: You are vulnerable to cold. (rC-) [potion of
                  | mutation]
 89861 | Lair:2   | Lost mutation: You possess an exceptional clarity of mind.
                  | [potion of mutation]
 89861 | Lair:2   | Lost mutation: You are agile. (Dex +4, Str/Int -1) [potion
                  | of mutation]
 89861 | Lair:2   | Gained mutation: You occasionally lose the ability to read
                  | scrolls when taking damage. [potion of mutation]
 89862 | Lair:2   | Lost mutation: You occasionally lose the ability to read
                  | scrolls when taking damage. [potion of mutation]
 89862 | Lair:2   | Gained mutation: You are partially covered in iridescent
                  | scales. (AC +2) [potion of mutation]
 89862 | Lair:2   | Lost mutation: You are partially covered in iridescent
                  | scales. (AC +2) [potion of mutation]
 90218 | Zig:1    | Entered Level 1 of a ziggurat
 90241 | Zig:2    | Entered Level 2 of a ziggurat
 90424 | Zig:3    | Entered Level 3 of a ziggurat
 90437 | Zig:3    | Identified the +9 rapier "Gisaqi" {protect, rElec SInv}
 90453 | Zig:4    | Entered Level 4 of a ziggurat
 90472 | Zig:4    | Identified the amulet "Ecoumury" {Spirit Str+2 Dex+2}
 90587 | Zig:5    | Entered Level 5 of a ziggurat
 90637 | Zig:5    | Learned a level 8 spell: Ignition
 90644 | Zig:6    | Entered Level 6 of a ziggurat
 90665 | Zig:6    | Identified the staff of poison "Qyezet" {rPois rC- rN+
                  | Will+}
 90666 | Zig:6    | Identified the +4 chain mail "Gyimir" {*Slow Int+5 Dex+3}
 90674 | Zig:7    | Entered Level 7 of a ziggurat
 90699 | Zig:7    | Identified the ring "Joacler" {Will+ Int+6}
 90835 | Zig:8    | Entered Level 8 of a ziggurat
 90865 | Zig:8    | Identified the +5 great sword of the New World {freeze,
                  | Int+2 Dex+3}
 90900 | Zig:8    | Reached XP level 27. HP: 160/160 MP: 56/56
 90914 | Zig:8    | Learned a level 9 spell: Fire Storm
 90948 | Zig:9    | Entered Level 9 of a ziggurat
 90953 | Zig:9    | Noticed Ciujuonu the pandemonium lord
 90963 | Zig:9    | Killed Ciujuonu the pandemonium lord
 91095 | Zig:9    | Identified the ring of Dogma {Will+ Slay+3}
 91103 | Zig:9    | Identified the +1 war axe of Lukk {heavy, rPois rCorr
                  | Dex+3}
 91145 | Zig:10   | Entered Level 10 of a ziggurat
 91153 | Zig:10   | Noticed a dread lich
 91154 | Zig:10   | Noticed a dread lich
 91155 | Zig:10   | Killed a dread lich
 91155 | Zig:10   | Killed a dread lich
 91157 | Zig:10   | Noticed an ancient lich
 91159 | Zig:10   | Killed an ancient lich
 91205 | Zig:10   | Identified the ring "Bovora" {rN+ Dex+6 SInv}
 91217 | Zig:10   | Identified the +8 chain mail "Ofezunas" {Dex+3}
 91265 | Zig:11   | Entered Level 11 of a ziggurat
 91337 | Zig:11   | Identified the ring of Ajoll {rN+ rCorr Str+2 Dex+6}
 91347 | Zig:11   | Identified the staff of fire "Rayrese" {rF+ Int+2}
 91361 | Zig:11   | Identified the +3 lajatang of Guseu {speed, rElec Int+8
                  | Stlth+}
 91393 | Zig:12   | Entered Level 12 of a ziggurat
 91569 | Zig:12   | Identified the staff of fire "Cofaeli" {rElec rF+ rCorr
                  | SInv}
 91587 | Zig:12   | Got Isulyan's Catalogue of Power
 91618 | Zig:13   | Entered Level 13 of a ziggurat
 91790 | Zig:13   | Identified the ring "Jicuqod" {Fly rElec rPois rCorr Str-3}
 91801 | Zig:13   | Identified the amulet of Tufaced {Reflect rC+ Int+3 SH+5}
 91862 | Zig:14   | Entered Level 14 of a ziggurat
 91883 | Zig:14   | Found the +10 tower shield of Ignorance {rN+ Int-4}
 91935 | Zig:14   | Identified the ring "Leogeschi" {*Slow rPois rN+ Int+5
                  | Dex+6}
 91938 | Zig:14   | Identified the ring "Icogump" {Ice rElec Will+ Dex+6
                  | Stlth+}
 92004 | Zig:15   | Entered Level 15 of a ziggurat
 92034 | Zig:15   | Identified the +8 short sword of the Wasp {freeze, *Noise
                  | rPois rF- Dex+6}
 92036 | Zig:15   | Got the Discursus on Fluctuating Ensorcelling
 92045 | Zig:15   | Identified the +1 ring mail "Xuemael" {rC+ Regen+}
 92053 | Zig:15   | Got the Verses on the Combative Tempest
 92059 | Zig:15   | Identified the +2 pair of gloves of the Blue God {Dex+3}
 92091 | Zig:16   | Entered Level 16 of a ziggurat
 92105 | Zig:16   | Noticed a juggernaut
 92106 | Zig:16   | Killed a juggernaut
 92226 | Zig:16   | Identified the ring of Peenapryme {Fly rN+ rCorr Stlth+}
 92287 | Zig:17   | Entered Level 17 of a ziggurat
 92314 | Zig:17   | Reached skill level 5 in Stealth
 92320 | Zig:17   | Found the +8 frozen axe "Frostbite" {freeze, freezing
                  | cloud, *Noise Fly rC+}
 92942 | Zig:17   | Identified the +0 plate armour of Grot {rCorr Dex+3}
 92956 | Zig:17   | Identified the +5 chain mail of Distant Worlds {rPois MP+9
                  | Int-4 SInv}
 92979 | Zig:17   | Acquired 863 gold pieces
 92995 | Zig:18   | Entered Level 18 of a ziggurat
 93276 | Zig:18   | Identified the +3 ring mail of Grace {+Inv rF+ Will-}
 93279 | Zig:18   | Identified the ring of Plog {Fly rPois rC+ Will- Int+6}
 93281 | Zig:18   | Identified the +6 morningstar of the Solemn God {drain,
                  | Str+4 Dex+3}
 93295 | Zig:18   | Got Daiwawipt's Collected Works on Sandy Composition
 93307 | Zig:18   | Identified the +4 falchion of Niutso Xava {drain, *Corrode
                  | rC+ rN++ Stlth+}
 93362 | Zig:19   | Entered Level 19 of a ziggurat
 93386 | Zig:19   | Reached skill level 15 in Stealth
 93392 | Zig:19   | Found the +7 great mace "Undeadhunter" {deathbane, rN+}
 93406 | Zig:19   | Identified the +6 shortbow of Royalism {heavy, Fragile
                  | rElec rPois}
 93415 | Zig:19   | Identified the +2 pair of boots of Ylastraill {*Slow rF+
                  | Regen+ Dex+2}
 93416 | Zig:19   | Identified the ring of Jiewn {rPois rC++ Int+2}
 93421 | Zig:19   | Got the Atlas of Modification and Heat
 93432 | Zig:19   | Identified the +0 leather armour of Limited Liability
                  | {Drain +Inv rN+}
 93482 | Zig:20   | Entered Level 20 of a ziggurat
 93524 | Zig:20   | Noticed Zuwat the pandemonium lord
 93530 | Zig:20   | Killed Zuwat the pandemonium lord
 93915 | Zig:20   | Identified the staff of conjuration "Giddoate" {rElec rC+
                  | Will+ Dex+6}
 93924 | Zig:20   | Identified the +6 rapier of Fefaxt {venom, Fragile Will+
                  | Str+3 Dex+4}
 94109 | Zig:20   | Upgraded the game from 0.30-a0-939-gc8157cb160 to
                  | 0.30-a0-940-ge5077277c9
 94162 | Zig:21   | Entered Level 21 of a ziggurat
 94176 | Zig:21   | Noticed a dread lich
 94178 | Zig:21   | Killed a dread lich
 94181 | Zig:21   | Noticed a dread lich
 94182 | Zig:21   | Reached skill level 15 in Shields
 94184 | Zig:21   | Killed a dread lich
 94186 | Zig:21   | Noticed an ancient lich
 94187 | Zig:21   | Killed an ancient lich
 94191 | Zig:21   | Found the +3 crown of Dyrovepreva {rElec Int+2 SInv}
 94223 | Zig:21   | Found the ring of the Hare {EV+10}
 94224 | Zig:21   | Found the +10 dark maul {heavy}
 94261 | Zig:21   | Identified the +0 chain mail "Yshotyic" {-Tele rElec Regen+
                  | Str+3}
 94266 | Zig:21   | Identified the amulet "Reumuhue" {RegenMP Str+3}
 94271 | Zig:21   | Identified the ring of Linearity {rPois rF- Str+3 Int+4}
 94341 | Zig:22   | Entered Level 22 of a ziggurat
 94368 | Zig:22   | Noticed a dread lich
 94373 | Zig:22   | Killed from afar by a Brimstone Fiend

Illustrated notes

Levels and vault maps discovered:
D:1:      lightli_arrival_lavapool, layout_basic
D:2:      layout_basic
D:3:      layout_loops_ring, kennysheep_slug_shrine,
          hangedman_abyss_or_decor_stabs, corexii_leaking_fountain
D:4:      layout_loops_cross, gammafunk_ghost_necromancy, uniq_menkaure
D:5:      layout_cave_pools, mainiacjoe_overflow_paths,
          nicolae_overflow_hidden_temple, minmay_temple_entry_fiery,
          nicolae_figureground_pulse
D:6:      layout_loops_ring, xom_confusion_cloud, portal_sewer_entry_b,
          uniq_blork_the_orc, uniq_crazy_yiuf_cottage, uniq_edmund
D:7:      nicolae_BIG_FREAKIN_CUBE, layout_loops_ring, serial_shops,
          nicolae_shop_hallway_plus, nicolae_diamond_shop, nicolae_square_shop,
          serial_bayou_pond_d, minmay_increasing_density
D:8:      layout_basic, david_lair_generic, serial_ice, serial_ice_n,
          serial_ice_k, serial_ice_m, serial_ice_g, uniq_maggie
D:9:      layout_loops_corners, nicolae_shop_i_like_big_books,
          minmay_misc_feat_four_crosses, small_statue_intersection
D:10:     layout_big_octagon, lemuel_zombie_altar_kikubaaqudgha,
          nemelex_xobeh_ov_fountains_minmay, trog_three_pillars_becter,
          david_orc_4, enter_bailey_4
D:11:     evilmike_iron_armoury, layout_gridville, grunt_ministairs_9
D:12:     layout_roguey
D:13:     layout_irregular_city
D:14:     minmay_the_grid_square_5x5_3x3 [minmay_the_grid_square_5x5_minimal,
          minmay_the_grid_square_5x5_doubleslash,
          minmay_the_grid_square_5x5_two_small,
          minmay_the_grid_square_5x5_beaten_path,
          minmay_the_grid_square_5x5_megaprize_crossed,
          minmay_the_grid_square_5x5_meh, minmay_the_grid_square_5x5_v,
          minmay_the_grid_square_5x5_six, minmay_the_grid_square_5x5_inner_v],
          layout_irregular_city, david_vaults_1, gauntlet_entry_generic,
          minmay_misc_feat_doors, kennysheep_generic_room_11
D:15:     grunt_enter_depths_snipers, layout_grid_maze, minmay_curled_crystal
Temple:   eino_temple_lava
Lair:1:   minmay_guarded_unrand_snakebite, layout_cave_pods,
          gammafunk_ghost_wrathful_warriors, special_room [special_room_bee],
          grunt_megastairs_3
Lair:2:   layout_chaotic_city, ebering_ghost_inner_flame, uniq_fannar
Lair:3:   layout_chaotic_city, elwin_shoals_entry_stream,
          nicolae_spider_entry_lesser_pyramids, uniq_nessos
Lair:4:   layout_regular_city, nicolae_slime_entry_slimehenge, uniq_kirke,
          uniq_urug
Lair:5:   hellmonk_lair_end_abyssal_woods, layout_hall_layers, basic_altar,
          enter_volcano_3, serial_bayou_shore_b
Shoals:1: layout_shoals, nicolae_shoals_secluded_bog
Shoals:2: layout_shoals, nicolae_shoals_circle_sea_wall
Shoals:3: layout_shoals, serial_shops, shop, nicolae_shoals_nautilus_by_nature
Shoals:4: shoals_end_grunt_ice, layout_shoals, minmay_shop_mass,
          serial_nicolae_subway, nicolae_sub_station_crystal,
          nicolae_sub_station_metal, nicolae_sub_station_stone
Spider:1: nicolae_spider_hilbert_zone_4 [nicolae_spider_hilbert_4_sides_2_open,
          nicolae_spider_hilbert_4_sides_1_open,
          nicolae_spider_hilbert_4_sides_1_open,
          nicolae_spider_hilbert_4_sides_1_open,
          nicolae_spider_hilbert_4_sides_1_open,
          nicolae_spider_hilbert_2_sides_1_open,
          nicolae_spider_hilbert_2_sides_1_open,
          nicolae_spider_hilbert_2_sides_1_open,
          nicolae_spider_hilbert_2_sides_1_open,
          nicolae_spider_hilbert_6_sides_1_open,
          nicolae_spider_hilbert_6_sides_1_open,
          nicolae_spider_hilbert_3_sides_1_open,
          nicolae_spider_hilbert_3_sides_1_open], uniq_josephine
Spider:2: layout_spider_delve, portal_ice_cave_entry_ice_simulacra
Spider:3: layout_spider_delve
Spider:4: grunt_spider_rune_island, uniq_bai_suzhen, uniq_louise, uniq_arachne
Slime:1:  layout_caves
Slime:2:  nicolae_slime_infinislime, layout_caves,
          cheibrodos_slime_lost_civilization_4
Slime:3:  layout_caves, nicolae_slime_getting_an_eyeful
Slime:4:  layout_caves
Slime:5
Orc:1:    layout_caves, basic_altar
Orc:2:    hellmonk_orc_salted, layout_diamond_mine
Elf:1:    layout_loops_cross, serial_shops, nicolae_square_shop,
          nicolae_trove_entry_free_sample, orc_legates
Elf:2:    nicolae_elf_blades_splatter_lattice
          [nicolae_blade_entry_sentries_behind_glass], layout_geoelf_grid
Elf:3:    minmay_elf_hall_four_x, layout_rooms, serial_shops, bzr_entry_safe
Vaults:1: mu_enter_wizlab_6, nicolae_vaults_triangles, grunt_vaults_focal,
          serial_ice_b, ontoclasm_vaults_gateway, dpeg_vaults_monster_box,
          layout_vaults_omnigrid, serial_shops, shop
Vaults:2: ebering_ghost_reflecting_pool, hangedman_vaults_nodes,
          minmay_crypt_entry_simple_statues, ontoclasm_vaults_idyll,
          special_room_vaults [special_room_orc], v_misc_25,
          vaults_room_stairs_pillars, vaults_dpeg_doors, vaults_room_grid,
          v_misc_13, hangedman_vaults_nails, grunt_vaults_funnel,
          layout_vaults_ring, serial_shops, bzr_entry_customers, uniq_zenata
Vaults:3: ontoclasm_vaults_hangar, hangedman_vaults_maws, serial_ice_g,
          v_rooms_3, nicolae_vaults_specimen_jars, ontoclasm_vaults_ring_square,
          nicolae_vaults_ninety_degrees, v_misc_9, hangedman_vaults_slither,
          layout_vaults_big_room, serial_shops,
          nicolae_shop_bloodbath_and_beyond
Vaults:4: portal_desolation_entry_twin_temple, ontoclasm_vaults_hangar,
          ontoclasm_vaults_tryst, nicolae_vaults_border_crossing,
          grunt_vaults_twisty, v_misc_28, v_misc_8, vaults_dpeg_diagonal,
          nicolae_vaults_theta, ontoclasm_vaults_twist, ontoclasm_vaults_fault,
          v_misc_17, layout_vaults_maze_snakey, uniq_sojobo, uniq_boris
Vaults:5: serial_shops
Depths:1: layout_cave_pools, grunt_hell_entry_dis_grunt, abyss_entry,
          wad_scary_box, firewood_loft
Depths:2: evilmike_lava_path, layout_gridlike, enter_ziggurat_f,
          grunt_decor_one_mirror, pan_entry, hell_entry,
          minmay_staircase_statues, uniq_grunn
Depths:3: minmay_open_boxes_in_corner, layout_basic, pf_coc_iceberg,
          hangedman_decor_clover_reticule, hangedman_abyss_entry_splay
Depths:4: evilmike_zot_entry_basic, layout_long_grid, nicolae_uskayaw_en_pointe,
          grunt_hell_horde, rand_demon_pan_entry_5,
          minmay_misc_feat_more_columns, fountainhead, minmay_misc_feat_x,
          serial_bayou_shore_a
Hell
Zig:22

Skill      XL: |  1  2  3  4  5  6  7  8  9 10 11 12 13 14 15 16 17 18 19 20 21 22 23 24 25 26 27 |
---------------+----------------------------------------------------------------------------------+-----
Spellcasting   | 4 5 6 7 8 9 10 14 16 17 18 20 22 23 24 25 26 27 | 27.0
Conjurations   | 5 6 7 8 9 11 12 14 15 16 18 22 | 22.5
Hexes          | 2 3 4 5 6 |  6.0
Fire Magic     | 2 4 7 8 10 11 12 14 15 16 17 18 20 23 | 23.3
Translocations | 3 4 |  4.0
Dodging        | 5 10 11 12 13 14 15 16 | 16.1
Fighting       | 2 6 8 9 10 11 12 13 14 | 14.0
Air Magic      | 2 |  2.0
Evocations     | 1 3 5 6 8 10 11 12 | 12.3
Shields        | 3 4 6 8 9 11 12 15 | 15.2
Earth Magic    | 6 9 13 16 18 19 20 23 24 | 24.8
Poison Magic   | 2 |  2.0
Armour         | 2 |  2.0
Polearms       | 2 7 8 9 12 | 12.0
Stealth        | 19 | 19.5

Action                     |  1- 3 |  4- 6 |  7- 9 | 10-12 | 13-15 | 16-18 | 19-21 | 22-24 | 25-27 || total
---------------------------+-------+-------+-------+-------+-------+-------+-------+-------+-------++-------
  Melee: Short sword       |     3 |       |       |       |       |       |       |       |       ||     3
         Staff             |       |       |    14 |       |     4 |     3 |       |       |     8 ||    29
         Lance             |       |       |       |       |       |     8 |    51 |   278 |    57 ||   394
   Cast: Magic Dart        |    64 |    50 |   156 |    53 |   257 |   161 |   292 |    67 |     5 ||  1105
         Searing Ray       |    19 |    13 |    45 |    59 |    46 |    17 |     1 |       |       ||   200
         Foxfire           |       |     9 |    42 |    26 |     6 |     1 |       |       |       ||    84
         Fulminant Prism   |       |     3 |    19 |    26 |     6 |     9 |     4 |     5 |       ||    72
         Dazzling Flash    |       |     3 |     2 |       |     1 |       |       |       |       ||     6
         Scorch            |       |       |     3 |     7 |     2 |     1 |       |       |       ||    13
         Fireball          |       |       |     2 |    90 |   120 |   411 |   266 |   188 |    99 ||  1176
         Iskenderun's Myst |       |       |     1 |     8 |     5 |    18 |    50 |    30 |    10 ||   122
         Kindle Blastspark |       |       |       |     4 |       |       |     4 |       |       ||     8
         Mephitic Cloud    |       |       |       |    18 |    11 |    50 |    44 |     9 |       ||   132
         Starburst         |       |       |       |     6 |    12 |    22 |    41 |    26 |     3 ||   110
         Flame Wave        |       |       |       |     6 |     3 |     1 |     1 |     2 |     3 ||    16
         Iskenderun's Batt |       |       |       |       |    67 |   123 |   150 |    52 |     5 ||   397
         Swiftness         |       |       |       |       |     1 |     3 |       |       |       ||     4
         Lee's Rapid Decon |       |       |       |       |       |    25 |    33 |    53 |     3 ||   114
         Iron Shot         |       |       |       |       |       |    66 |   192 |   156 |    77 ||   491
         Lehudib's Crystal |       |       |       |       |       |     1 |    78 |    37 |    22 ||   138
         Blink             |       |       |       |       |       |     3 |    18 |    11 |    17 ||    49
         Shatter           |       |       |       |       |       |       |       |       |   166 ||   166
         Ignition          |       |       |       |       |       |       |       |       |    19 ||    19
         Fire Storm        |       |       |       |       |       |       |       |       |    37 ||    37
  Evoke: Wand              |       |       |       |     1 |       |       |       |       |     1 ||     2
         Box of beasts     |       |       |       |       |       |       |     1 |       |     1 ||     2
         Phantom mirror    |       |       |       |       |       |       |     1 |       |     1 ||     2
         Lightning rod     |       |       |       |       |       |       |       |       |     2 ||     2
         Phial of floods   |       |       |       |       |       |       |       |       |     1 ||     1
    Use: Scroll            |       |       |    11 |    14 |     6 |    11 |     9 |     5 |    15 ||    71
         Potion            |       |       |     5 |     2 |     2 |     1 |     6 |     9 |    33 ||    58
   Stab: Sleeping          |       |       |       |       |       |       |       |       |     1 ||     1
 Armour: Robe              |     1 |     3 |     7 |       |     3 |       |       |       |       ||    14
         Steam dragon scal |       |       |       |    20 |    13 |    39 |    35 |   114 |    62 ||   283
         Swamp dragon scal |       |       |       |       |       |    10 |    27 |       |       ||    37
  Dodge: Dodged            |     6 |     8 |    60 |    53 |    75 |    94 |   156 |   214 |    78 ||   744
  Block: Buckler           |       |       |       |       |    18 |    35 |    43 |       |       ||    96
         Kite shield       |       |       |       |       |       |       |    33 |   259 |    73 ||   365
         Reflection        |       |       |       |       |       |       |       |       |     3 ||     3

Table legend: (Time is in decaauts)
 A = Elapsed time spent in this place.
 B = Non-inter-level travel time spent in this place.
 C = Inter-level travel time spent in this place.
 D = Time resting spent in this place.
 E = Time spent auto-exploring this place.
 F = Levels seen in this place.
 G = Mean time per level.
                   A        B        C        D        E       F      G
               +--------+--------+--------+--------+--------+-----+--------+
         Total |  94762 |  84165 |  10597 |  30522 |  30023 |  80 | 1184.5 |
       Dungeon |  23804 |  18843 |   4961 |   5504 |  10437 |  15 | 1586.9 |
        Temple |     20 |     20 |      0 |      0 |      0 |   1 |   20.0 |
          Lair |  15347 |  12961 |   2386 |   4704 |   4064 |   5 | 3069.4 |
        Shoals |   6203 |   5995 |    208 |   2364 |   2344 |   4 | 1550.8 |
   Spider Nest |   5714 |   5487 |    227 |   2284 |   1926 |   4 | 1428.5 |
    Slime Pits |   4599 |   4297 |    302 |   1355 |   1967 |   5 |  919.8 |
  Orcish Mines |   3006 |   2371 |    635 |    392 |   1495 |   2 | 1503.0 |
   Elven Halls |   4762 |   4287 |    475 |   1343 |   1394 |   3 | 1587.3 |
        Vaults |  11852 |  10964 |    888 |   4484 |   2542 |   5 | 2370.4 |
        Depths |   8001 |   7491 |    510 |   3568 |   1851 |   4 | 2000.2 |
          Hell |    829 |    829 |      0 |    328 |    323 |   1 |  829.0 |
      Ziggurat |   4131 |   4131 |      0 |   1964 |    228 |  22 |  187.8 |
        Bazaar |    176 |    176 |      0 |      0 |     59 |   2 |   88.0 |
         Trove |     72 |     72 |      0 |      0 |      0 |   1 |   72.0 |
         Sewer |   1045 |   1045 |      0 |    542 |    348 |   1 | 1045.0 |
        Bailey |    734 |    734 |      0 |     74 |    342 |   1 |  734.0 |
      Ice Cave |    813 |    813 |      0 |    407 |    118 |   1 |  813.0 |
       Volcano |    975 |    975 |      0 |    185 |    559 |   1 |  975.0 |
        Wizlab |    950 |    950 |      0 |    503 |      0 |   1 |  950.0 |
    Desolation |   1719 |   1719 |      0 |    520 |     25 |   1 | 1719.0 |
               +--------+--------+--------+--------+--------+-----+--------+

Top non-repeatable levels by time:
  Lair:2: 4636 daAuts
  Lair:1: 3958 daAuts
Vaults:1: 3572 daAuts
Depths:3: 2817 daAuts
  Lair:3: 2540 daAuts
  Lair:5: 2531 daAuts
Vaults:2: 2519 daAuts
Depths:2: 2519 daAuts
Vaults:3: 2472 daAuts
   Orc:2: 2388 daAuts
    D:11: 2239 daAuts
     D:6: 2204 daAuts
Shoals:1: 2113 daAuts
    D:13: 1903 daAuts
    D:12: 1891 daAuts
